 Dungeon Crawl Stone Soup version 0.30-a0-937-ga0a21ad780 (webtiles) character file.

Game seed: 6984621688614963595

414 GuildmasterMusic the Magician (level 6, -9/29 (32) HPs)
             Began as a Deep Elf Hedge Wizard on Mar 24, 2023.
             Killed from afar by an orc wizard (15 damage)
             ... with a puff of flame
             ... on level 4 of the Dungeon.
             The game lasted 00:13:05 (3018 turns).

GuildmasterMusic the Magician (DEHW)                Turns: 3018, Time: 00:13:06

HP:   -9/29 (32)    AC:  2    Str:  9      XL:     6   Next: 60%
MP:   13/16         EV: 13    Int: 19      God:
Gold: 213           SH:  5    Dex: 13 (14) Spells: 4/15 levels left

rFire   . . .      SeeInvis .    g - +3 short sword
rCold   . . .      Faith    .    (no shield)
rNeg    . . .      Spirit   .    b - +0 robe
rPois   .          Reflect  +    c - +0 hat
rElec   .          Rampage  .    (no cloak)
rCorr   .                        (no gloves)
Will    .....                    (no boots)
Stlth   ++                       o - amulet of reflection
HPRegen 0.24/turn                (no ring)
MPRegen 0.15/turn                (no ring)

@: drained
A: no striking features
a: no special abilities


You were on level 4 of the Dungeon.
You visited 1 branch of the dungeon, and saw 4 of its levels.

You collected 213 gold pieces.

Inventory:

Hand Weapons
 a - a +0 dagger
 g - a +3 short sword (weapon)
Missiles
 m - 2 throwing nets
Armour
 b - a +0 robe (worn)
 c - a +0 hat (worn)
 i - a +0 hat
Jewellery
 f - a ring of fire
 o - an amulet of reflection (around neck)
Scrolls
 j - a scroll of immolation
 p - a scroll of identify {unknown}
Potions
 d - a potion of magic
 l - a potion of haste {unknown}
 n - a potion of berserk rage {unknown}


   Skills:
 + Level 3.9 Dodging
 + Level 3.8 Stealth
 + Level 5.4 Spellcasting
 * Level 3.6 Conjurations
 * Level 3.5 Summonings
 + Level 2.9 Translocations


You had 4 spell levels left.
You knew the following spells:

 Your Spells              Type           Power      Damage    Failure   Level
a - Magic Dart            Conj           76%        1d6       2%          1
b - Call Imp              Summ           18%        N/A       4%          2
c - Blink                 Tloc           32%        N/A       5%          2
d - Slow                  Hex            20%        N/A       12%         1
e - Cigotuvi's Dreadful   Necr/Pois/Air  10%        N/A       19%         2
f - Mephitic Cloud        Conj/Pois/Air  9%         N/A       22%         3

Your spell library contained the following spells:

 Spells                   Type           Power      Damage    Failure   Level
 Gell's Gravitas          Tloc           16%        N/A       11%         3
 Teleport Other           Tloc           16%        N/A       11%         3
 Summon Guardian Golem    Hex/Summ       11%        N/A       17%         3
 Dispersal                Tloc           8%         N/A       99%         6
 Orb of Destruction       Conj           9%         9d6       100%        7
 Spellforged Servitor     Conj/Summ      9%         N/A       100%        7


Dungeon Overview and Level Annotations

Branches:
Dungeon (4/15)
 Temple: D:4-7

Altars:

Shops:
D:3 *


Message History

You barely miss the phantom.
The phantom is severely damaged.
The phantom hits you.
The phantom blinks!
You blink.
An orc wizard comes into view. It is wielding a +0 dagger of draining.
You barely miss the phantom.
The phantom is severely damaged.
The phantom hits you!
You hit the phantom.
The phantom is almost destroyed.
The phantom hits you.
The phantom blinks!
You blink.
You closely miss the phantom.
The phantom is almost destroyed.
The phantom hits you.
* * * LOW HITPOINT WARNING * * *
The orc wizard gestures wildly while chanting.
The orc wizard flickers and vanishes!
Deactivating autopickup; reactivate with Ctrl-A.
You hit the phantom.
The phantom is almost destroyed.
The phantom closely misses you. The orc wizard closely misses you.
You hit the phantom.
You destroy the phantom!
The orc wizard mumbles some strange words.
The orc wizard flickers and vanishes!
You feel your dexterity returning.
You closely miss something. You block something's attack.
An orc comes into view. It is wielding a +0 short sword.
You barely miss something. You block something's attack.
You hit something. Something hits you.
* * * LOW HITPOINT WARNING * * *
You feel drained.
You hit something. Something hits you.
* * * LOW HITPOINT WARNING * * *
You feel drained.
You closely miss something.
You hear some strange, mumbled words.
A puff of flame appears from out of thin air!
The puff of flame hits you!
Ouch! That really hurt!
You die... #####.### #........ #.# #.# #.. ##.## #.# oo.

#.# ##.## #.# #{# #.##
#@## #..## #..##
##...###########...###
....[.................
##.....#########...###
#...#.# #>.## ###...#
#.## ##.## #.# #.#


You could see 2 orcs.

Vanquished Creatures
  Eustachio (D:4)
  A phantom (D:4)
  2 orc wizards
  5 adders
  3 gnolls (D:2)
  2 worms
  A dart slug (D:1)
  5 orcs
  5 endoplasms
  A giant cockroach (D:1)
  6 goblins
  3 hobgoblins
  10 jackals
  6 kobolds
  3 quokkas
  2 ball pythons
  4 bats
  2 frilled lizards
  8 rats
70 creatures vanquished.

Notes
Turn   | Place    | Note
-------+----------+-------------------------------------------
     0 | D:1      | GuildmasterMusic the Deep Elf Hedge Wizard began the quest
                  | for the Orb.
     0 | D:1      | Reached XP level 1. HP: 10/10 MP: 7/7
   284 | D:1      | Reached XP level 2. HP: 9/15 MP: 7/9
   476 | D:1      | Learned a level 2 spell: Call Imp
   479 | D:1      | Learned a level 2 spell: Blink
   481 | D:1      | Learned a level 1 spell: Slow
   484 | D:1      | Learned a level 2 spell: Cigotuvi's Dreadful Rot
   730 | D:1      | Reached XP level 3. HP: 19/19 MP: 6/11
  1360 | D:2      | Learned a level 3 spell: Mephitic Cloud
  1462 | D:2      | Reached XP level 4. HP: 23/24 MP: 5/12
  1950 | D:3      | Reached skill level 5 in Spellcasting
  2281 | D:3      | Found Pathorax's General Store.
  2292 | D:3      | Reached XP level 5. HP: 28/28 MP: 10/14
  2841 | D:4      | Noticed Eustachio
  2867 | D:4      | Killed Eustachio
  2868 | D:4      | Reached XP level 6. HP: 8/32 MP: 4/16
  3018 | D:4      | Killed from afar by an orc wizard

Illustrated notes

Levels and vault maps discovered:
D:1:      giann_forest_graveyard, layout_basic, st_stairs_8
D:2:      layout_basic
D:3:      layout_rooms, serial_shops, nicolae_shop_stone,
          palyth_stone_intersect, chequers_garden
D:4:      layout_loops_corners, minmay_mini_jars, uniq_eustachio

Skill      XL: |  1  2  3  4  5 |
---------------+----------------+-----
Dodging        | 3 |  3.9
Conjurations   | 2 3 |  3.6
Translocations | 2 |  2.9
Summonings     | 2 3 |  3.5
Stealth        | 3 |  3.8
Spellcasting   | 5 |  5.4

Action                     |  1- 3 |  4- 6 || total
---------------------------+-------+-------++-------
  Melee: Dagger            |    31 |       ||    31
         Short sword       |    18 |    81 ||    99
         Punch             |       |     1 ||     1
   Cast: Magic Dart        |    81 |    81 ||   162
         Slow              |     3 |       ||     3
    Use: Scroll            |     2 |     1 ||     3
         Potion            |       |     3 ||     3
   Stab: Sleeping          |     7 |     2 ||     9
 Armour: Robe              |    14 |     8 ||    22
  Dodge: Dodged            |    44 |    54 ||    98
  Block: Other             |       |    21 ||    21

Table legend: (Time is in decaauts)
 A = Elapsed time spent in this place.
 B = Non-inter-level travel time spent in this place.
 C = Inter-level travel time spent in this place.
 D = Time resting spent in this place.
 E = Time spent auto-exploring this place.
 F = Levels seen in this place.
 G = Mean time per level.
                   A        B        C        D        E       F      G
               +--------+--------+--------+--------+--------+-----+--------+
         Total |   3018 |   2953 |     65 |    853 |   1157 |   4 |  754.5 |
       Dungeon |   3018 |   2953 |     65 |    853 |   1157 |   4 |  754.5 |
               +--------+--------+--------+--------+--------+-----+--------+

Top non-repeatable levels by time:
     D:2: 1042 daAuts
     D:1: 982 daAuts
     D:3: 808 daAuts
     D:4: 184 daAuts
